Map: Planta ácida EE

Players

MrFercho - Winner!

  • Race: Terran Terran
  • Spawn Location: 5:00

VOD

Have the link to the VOD?

Description

Time

  • Played on: Feb. 10, 2018, 11:36 a.m.
  • Length: 40:55
Show
View Real Time Build Order
Export as new Build Order

MrFercho Terran - Winner!

Build Orders:  

Get SALT Encoding   

  12  0:04  SCV  
  13  0:21  SCV  
  14  0:30  Supply Depot  
  14  0:41  SCV  
  15  1:18  Barracks  
  15  1:25  SCV  
  16  1:40  Refinery  
  16  1:42  Refinery, SCV  
  17  1:55  Supply Depot  
  17  1:59  SCV  
  18  2:16  SCV  
  19  2:33  SCV  
  20  2:40  Barracks Reactor  
  20  2:50  Engineering Bay, SCV  
  21  3:07  SCV  
  22  3:14  Factory  
  22  3:24  SCV  
  25  3:41  SCV  
  25  3:42  Reaper x2  
  26  3:58  SCV  
  27  4:15  SCV  
  27  4:16  Supply Depot  
  28  4:24  Factory Tech Lab  
  28  4:37  Starport  
  28  4:50  Engineering Bay  
  28  4:56  Sensor Tower  
  28  5:03  Orbital Command  
  28  5:33  Sensor Tower  
  28  5:38  Siege Tank  
  31  5:54  Armory  
  31  6:18  Command Center  
  31  6:26  SCV  
  32  6:43  SCV  
  31  7:00  SCV  
  32  7:15  Marine x2  
  32  7:17  SCV  
  35  7:21  Hellion  
  37  7:34  SCV, Starport Tech Lab  
  38  7:40  Marine  
  39  7:58  Supply Depot, Hellion, Marine  
  42  8:01  Supply Depot  
  42  8:02  Refinery  
  42  8:08  Terran Vehicle Weapons Level 1  
  42  8:28  Thor  
  42  8:29  Supply Depot  
  48  8:39  Refinery  
  48  8:40  Terran Infantry Weapons Level 1  
  48  8:43  Terran Infantry Armor Level 1  
  48  9:02  Armory  
  48  9:24  Medivac  
  50  9:48  Orbital Command  
  50  9:55  SCV  
  51  10:12  SCV  
  51  10:19  Unknown  
  52  10:29  SCV  
  53  10:41  SCV  
  53  10:46  SCV  
  55  10:52  Supply Depot  
  55  10:58  SCV  
  56  11:03  SCV  
  57  11:15  SCV  
  57  11:16  Barracks  
  58  11:25  Supply Depot  
  58  11:32  SCV  
  59  11:47  Factory  
  59  11:49  SCV  
  60  11:57  Supply Depot  
  60  12:19  Sensor Tower  
  60  12:29  Barracks  
  60  12:35  Supply Depot  
  60  12:37  Terran Infantry Armor Level 2  
  60  12:39  Terran Infantry Weapons Level 2  
  60  12:43  Terran Vehicle And Ship Armor Level 1  
  60  12:47  Terran Ship Weapons Level 1  
  60  12:51  Factory  
  60  13:00  Factory Tech Lab  
  60  13:07  Supply Depot  
  60  13:33  Barracks Tech Lab  
  60  13:34  Starport  
  60  13:35  Barracks  
  60  13:37  Barracks Tech Lab  
  60  13:40  Supply Depot  
  60  13:54  SCV x2  
  62  14:11  SCV x2  
  64  14:23  Command Center, Factory Tech Lab  
  64  14:24  Refinery  
  64  14:26  Starport  
  64  14:27  SCV  
  64  14:28  SCV  
  66  14:32  Refinery  
  66  14:44  SCV  
  66  14:45  SCV  
  66  14:48  Sensor Tower  
  58  15:01  SCV  
  58  15:02  SCV  
  54  15:18  Marine x3  
  52  15:27  Terran Vehicle Weapons Level 2  
  52  15:28  Siege Tank  
  46  15:41  Sensor Tower  
  46  15:42  Marine  
  46  15:43  Marauder, Banshee  
  46  16:13  Marauder, Thor  
  49  16:43  Marauder, Banshee  
  46  17:13  Marauder  
  47  17:43  Banshee  
  50  18:13  Unknown  
  50  18:14  Unknown  
  50  18:35  Starport Tech Lab  
  50  18:37  Starport Tech Lab  
  50  18:43  Banshee  
  50  18:47  Terran Infantry Armor Level 3  
  50  18:48  Terran Infantry Weapons Level 3  
  53  18:50  Terran Vehicle Weapons Level 3  
  53  19:10  Orbital Command  
  53  19:28  Siege Tank  
  56  19:30  Cyclone  
  59  19:52  Command Center  
  59  20:48  Banshee  
  59  20:49  Banshee x2  
  63  20:52  Marauder  
  65  21:22  Marauder  
  67  21:32  SCV  
  68  21:44  SCV  
  68  21:48  Banshee  
  68  21:49  Medivac, SCV  
  75  21:52  Marauder  
  77  22:06  SCV, Orbital Command  
  78  22:21  Marauder  
  78  22:23  SCV  
  81  22:40  SCV  
  82  22:50  Marine x2  
  82  22:51  Marine  
  85  23:14  Marauder  
  85  23:15  Marine  
  85  23:16  Marauder  
  90  23:21  Cyclone  
  90  23:22  Hellion  
  90  23:24  Siege Tank  
  98  23:31  Banshee  
  101  23:43  Marauder  
  101  23:46  Marauder  
  101  23:48  Fusion Core  
  105  23:52  Thor  
  111  24:32  Command Center  
  111  24:38  Refinery  
  111  24:40  Refinery  
  111  24:45  Viking x3  
  117  24:57  Marauder  
  119  25:23  Barracks Tech Lab  
  119  25:44  SCV  
  120  26:01  SCV  
  118  26:18  SCV  
  109  26:34  SCV  
  110  26:45  Weapon Refit  
  110  26:51  SCV  
  110  26:52  Battlecruiser  
  117  27:05  Banshee  
  117  27:07  Raven  
  122  27:41  Terran Vehicle And Ship Armor Level 2, Terran Ship Weapons Level 2  
  122  28:05  SCV  
  123  28:10  Hi-Sec Auto Tracking  
  123  28:17  SCV  
  123  28:18  SCV  
  125  28:22  SCV  
  126  28:34  SCV  
  126  28:35  Orbital Command, SCV  
  126  28:39  SCV  
  129  28:51  SCV  
  129  28:52  SCV  
  129  28:56  SCV  
  132  29:08  Structure Armor, SCV  
  133  29:10  Neosteel Frame  
  133  29:11  Unknown  
  133  29:12  Stimpack  
  133  29:13  Concussive Shells  
  133  29:25  Drilling Claws  
  133  30:14  Infernal Pre-Igniter  
  133  30:18  Marauder  
  133  30:19  Marauder  
  137  30:20  Marine  
  137  30:21  Marine  
  137  30:24  Marine  
  137  30:28  Thor x2  
  137  30:29  Siege Tank  
  155  30:32  Siege Tank  
  155  30:39  Battlecruiser x2  
  165  30:56  Corvid Reactor, Unknown  
  149  31:09  Medivac  
  150  31:14  Siege Tank  
  150  31:15  Unknown  
  153  31:26  Cloaking Field, Unknown  
  153  31:28  Cyclone x2  
  159  31:50  Medivac  
  159  31:59  Hellion  
  163  32:09  Battlecruiser  
  169  32:13  Hellion  
  169  32:14  Terran Ship Weapons Level 3  
  171  32:25  Unknown  
  171  32:53  Supply Depot  
  171  32:55  Supply Depot  
  171  32:57  Supply Depot  
  171  33:23  Cyclone x2  
  177  33:50  Command Center  
  177  33:53  Refinery  
  177  33:56  Refinery  
  158  36:03  Marauder  
  158  36:04  Marauder x2  
  158  36:07  Siege Tank x2  
  158  36:08  Thor  
  176  36:13  Viking x2  
  176  36:15  Viking  
  176  36:52  Thor  
  176  36:55  Banshee, Battlecruiser, Orbital Command  
  176  36:59  SCV x2  
  196  37:00  SCV x2  
  196  37:16  SCV x2  
  196  37:17  SCV x2  
  200  37:57  Unknown  
Tags
 
Matchup
Co-op
Replay Pack
MrFercho
Add a new tag
Caveats
  • Supply blocks, unpowered buildings, or Contaminate may cause inaccurate times.
  • Supply counts are checked every 10 seconds.